 Dungeon Crawl Stone Soup version 0.30-a0-187-gd9c2deaf24 (webtiles) character file.

Game seed: 14121294421667782465

1578 Flugkiller the Trooper (level 8, -4/62 HPs)
             Began as a Mummy Delver on Oct 3, 2022.
             Was a Priest of Okawaru.
             Killed from afar by a steam dragon (19 damage)
             ... with a ball of steam
             ... on level 7 of the Dungeon.
             The game lasted 00:09:39 (5474 turns).

Flugkiller the Trooper (Mummy Delver)               Turns: 5474, Time: 00:09:40

Health: -4/62      AC:  9    Str: 15    XL:     8   Next: 60%
Magic:  10/10      EV: 13    Int: 15    God:    Okawaru [***...]
Gold:   349        SH:  0    Dex: 16    Spells: 7/7 levels left

rFire   x . .      SeeInvis .    n - +4 falchion (freeze)
rCold   + . .      Faith    +    (no shield)
rNeg    + + +      Spirit   .    q - +3 ring mail of the Apothecary {Int+6 Stlth+}
rPois   ∞          Reflect  .    m - +0 helmet
rElec   .          Harm     .    (no cloak)
rCorr   .          Rampage  .    (no gloves)
Will    +....                    (no boots)
Stlth   +++.......               l - amulet of regeneration
HPRegen 1.10/turn                (no ring)
MPRegen 0.12/turn                (no ring)

@: no status effects
A: cold resistance 1, negative energy resistance 3, torment resistance 2, heat
vulnerability 1, in touch with death 1, no potions, faith
a: Renounce Religion, Heroism


You were on level 7 of the Dungeon.
You worshipped Okawaru.
Okawaru was most pleased with you.
You visited 1 branch of the dungeon, and saw 7 of its levels.

You collected 349 gold pieces.

Inventory:

Hand Weapons
 a - a +0 spear
 j - a +4 whip
   (You took it off a gnoll on level 1 of the Dungeon)
 n - a +4 falchion of freezing (weapon)
   (You took it off Robin on level 3 of the Dungeon)
Missiles
 o - 8 poisoned darts (quivered)
Armour
 m - a +0 helmet (worn)
   (You found it on level 2 of the Dungeon)
 p - the +0 helmet of Marbles {*Corrode rN+ Regen+ Dex+6}
   (You found it on level 4 of the Dungeon)

   Dex:       It affects your dexterity (+6).
   rN:        It protects you from negative energy.
   Regen:     It increases your rate of health regeneration.
   *Corrode:  It may corrode you when you take damage.
 q - the +3 ring mail of the Apothecary (worn) {Int+6 Stlth+}
   (You found it on level 5 of the Dungeon)

   Int:       It affects your intelligence (+6).
   Stlth:     It makes you more stealthy.
Jewellery
 e - an amulet of reflection
   (You found it on level 2 of the Dungeon)
 l - an amulet of regeneration (around neck)
   (You found it on level 1 of the Dungeon)
Wands
 b - a wand of flame (15)
   (You found it on level 7 of the Dungeon)
 f - a wand of digging (3)
Scrolls
 c - a scroll of fog
 d - a scroll of fear
 h - 2 scrolls of enchant weapon
 i - 4 scrolls of vulnerability
 r - 3 scrolls of identify
 s - a scroll of enchant armour
 t - 2 scrolls of teleportation
 z - a scroll of blinking


   Skills:
 - Level 5.0 Fighting
 + Level 4.7 Long Blades
 - Level 4.2 Polearms
 - Level 5.0 Dodging
 - Level 4.1 Stealth
 + Level 2.8 Invocations


You had 7 spell levels left.
You didn't know any spells.
Your spell library contained the following spells:

 Spells                   Type           Power      Damage    Failure   Level
 Necrotise                Necr           0%         1d4       47%         1
 Vampiric Draining        Necr           0%         2d6       85%         3
 Passage of Golubria      Tloc           0%         N/A       99%         4
 Petrify                  Tmut/Erth      0%         N/A       99%         4
 Agony                    Necr           0%         N/A       100%        5
 Metabolic Englaciation   Hex/Ice        0%         N/A       100%        5
 Yara's Violent Unravell  Hex/Tmut       0%         3d3       100%        5
 Tukima's Dance           Hex            Unusable   N/A       N/A         3
 Statue Form              Tmut/Erth      Unusable   N/A       N/A         6

Dungeon Overview and Level Annotations

Branches:
Dungeon (7/15) Zot: 26664  Temple (0/1) D:7

Altars:
Ashenzari
Gozag
Hepliaklqana
Okawaru
Uskayaw
Wu Jian


Innate Abilities, Weirdness & Mutations

You are immune to poison.
Your flesh is cold resistant. (rC+)
You are immune to negative energy. (rN+++)
You are immune to unholy pain and torment.
You are vulnerable to heat. (rF-)
You are in touch with the powers of death.
You do not drink.
You have a special connection with the divine. (Faith)


Message History

You closely miss the phantom.
The phantom is almost destroyed.
The phantom hits you.
The phantom blinks!
You blink.
A phantom is nearby!
You slash the phantom!
You destroy the phantom!
Okawaru accepts your kill.
You start resting.
Magic restored.
You start resting.
HP restored.
You now have 327 gold pieces (gained 19).
Found a stone staircase leading down.
You now have 349 gold pieces (gained 22).
Found a stone staircase leading up.
t - 2 scrolls of teleportation (gained 1)
Found a viscous purple potion.
d - a scroll of fear No target in view!
No target in view!
Found a fuming green potion.
You see here a fuming green potion. 2 steam dragons come into view.
There are monsters nearby!
There are monsters nearby!
Found a scroll of teleportation.
Found 19 gold pieces.
The steam dragon hisses angrily.
The steam dragon breathes steam at you. The ball of steam hits you!
The steam scalds you terribly!
You hear an angry hiss.
You are engulfed in a cloud of scalding steam.
There is a stone staircase leading up here.
You climb upwards.
There is a stone staircase leading down here.
You start resting.
HP restored.
You climb downwards.
There is a stone staircase leading up here.
Aiming: Throw Flame
Press: ? - help, Shift-Dir - straight line, f - steam dragon
Aim: a steam dragon (68% to hit)
The puff of flame hits the steam dragon.
The steam dragon is lightly wounded.
You hit the steam dragon. You freeze the steam dragon.
The steam dragon is moderately wounded.
The steam dragon barely misses you. The steam dragon closely misses you.
You hit the steam dragon. You freeze the steam dragon.
The steam dragon is moderately wounded.
The steam dragon closely misses you. The steam dragon claws you.
You closely miss the steam dragon.
The steam dragon is moderately wounded.
The steam dragon misses you. The steam dragon completely misses you.
You slash the steam dragon! You freeze the steam dragon.
The steam dragon is severely wounded.
The steam dragon breathes steam at you. The ball of steam hits you!!
The steam scalds you terribly!
You hear an angry hiss.
You are too injured to fight recklessly!
You barely miss the steam dragon.
The steam dragon is severely wounded.
You are engulfed in a cloud of scalding steam.
The steam dragon barely misses you.
The steam dragon claws you but does no damage.
You hit the steam dragon but do no damage.
The steam dragon is severely wounded.
The steam dragon bites you. The steam dragon claws you.
You closely miss the steam dragon.
The steam dragon is severely wounded.
The steam dragon closely misses you.
The steam dragon claws you but does no damage.
You hit the steam dragon. You freeze the steam dragon.
The steam dragon is severely wounded.
The steam dragon barely misses you. The steam dragon claws you.
You closely miss the steam dragon.
The steam dragon is severely wounded.
The steam dragon bites you.
* * * LOW HITPOINT WARNING * * *
The steam dragon barely misses you.
You hit the steam dragon. You freeze the steam dragon.
The steam dragon is almost dead.
The steam dragon closely misses you. x2
You closely miss the steam dragon.
The steam dragon is almost dead.
The steam dragon closely misses you. The steam dragon claws you.
* * * LOW HITPOINT WARNING * * *
You barely miss the steam dragon.
The steam dragon is almost dead.
The steam dragon breathes steam at you. The ball of steam misses you.
You hit the steam dragon but do no damage.
The steam dragon is almost dead.
You are engulfed in a cloud of scalding steam.
* * * LOW HITPOINT WARNING * * *
The steam dragon bites you.
* * * LOW HITPOINT WARNING * * *
The steam dragon barely misses you. The steam dragon breathes steam at you.
The ball of steam hits you!! The steam scalds you terribly!
You die...

...##.###....#####
.)###.# #.........
..###.# ##D#######
#.....# #.#
#.########.#
.........#.# #
###........# .# #
#.####.#.#######§#
# #.# #.#.....D@§#
# #.#
#.#.#######§#
###.####..........
..
.............#####
... ###.####....##
### .##.# #.#.##
....# #.#.#
.#######.#..
.........####


You could see a steam dragon (catching breath).

Vanquished Creatures
  An ugly thing (D:7)
  3 black bears
  An ogre (D:7)
  A phantom (D:7)
  A necrophage (D:6)
  A bullfrog (D:6)
  A scorpion (D:6)
  A howler monkey (D:4)
  3 jellies (D:5)
  5 hounds
  An iguana (D:6)
  Natasha (thrice) (D:2)
  An orc wizard (D:6)
  Robin (D:3)
  7 adders
  A gnoll (D:1)
  A shadow imp (D:6)
  A white imp (D:5)
  An ufetubus (D:4)
  A worm (D:3)
  4 dart slugs
  11 orcs
  7 ball pythons
  4 bats
  5 endoplasms
  2 giant cockroaches
  14 goblins
  7 hobgoblins
  2 quokkas (D:1)
  2 frilled lizards (D:1)
  8 kobolds
  3 rats
105 creatures vanquished.

Vanquished Creatures (others)
  A fungus (D:1)
1 creature vanquished.

Grand Total: 106 creatures vanquished

Notes
Turn   | Place    | Note
-------+----------+-------------------------------------------
     0 | D:5      | Flugkiller the Mummy Delver began the quest for the Orb.
     0 | D:5      | Reached XP level 1. HP: 18/18 MP: 1/1
    39 | D:5      | Noticed a jelly
   215 | D:4      | Noticed a hound
   239 | D:4      | Killed a hound
   240 | D:4      | Reached XP level 2. HP: 14/24 MP: 2/2
   240 | D:4      | Gained mutation: You are in touch with the powers of death.
                  | [Mummy growth]
   240 | D:4      | Reached XP level 3. HP: 17/29 MP: 3/3
   292 | D:4      | Found an iron altar of Okawaru.
   299 | D:4      | Became a worshipper of Warmaster Okawaru
   460 | D:4      | Reached XP level 4. HP: 35/35 MP: 4/4
   460 | D:4      | Noticed a black bear
   597 | D:2      | Noticed Natasha
   610 | D:2      | Killed Natasha
   748 | D:1      | Found a faded altar of an unknown god.
  1293 | D:1      | Reached XP level 5. HP: 40/41 MP: 5/5
  1702 | D:2      | Noticed Natasha
  1773 | D:2      | Killed Natasha
  1967 | D:2      | Noticed Natasha
  1986 | D:2      | Killed Natasha
  2416 | D:3      | Noticed a +0 spear
  2417 | D:3      | Noticed a +0 dagger
  2417 | D:3      | Noticed a +0 short sword
  2417 | D:3      | Noticed a +0 dagger
  2418 | D:3      | Noticed a +0 spear
  2418 | D:3      | Noticed a +0 short sword
  2418 | D:3      | Noticed a +0 falchion
  2418 | D:3      | Noticed a +0 falchion
  2423 | D:3      | Found a hide-covered altar of Uskayaw.
  2713 | D:3      | Noticed Robin
  2751 | D:3      | Killed Robin
  2752 | D:3      | Reached * piety under Okawaru
  2958 | D:4      | Killed a black bear
  2959 | D:4      | Reached skill level 5 in Fighting
  2959 | D:4      | Reached XP level 6. HP: 18/51 MP: 6/6
  3109 | D:4      | Found an ornate altar of the Wu Jian Council.
  3115 | D:4      | Identified the +0 helmet of Marbles {*Corrode rN+ Regen+
                  | Dex+6}
  3868 | D:5      | Reached ** piety under Okawaru
  3885 | D:5      | Reached XP level 7. HP: 43/56 MP: 7/7
  4013 | D:5      | Reached skill level 1 in Long Blades
  4047 | D:5      | Found a broken altar of Ashenzari.
  4373 | D:5      | Identified the +3 ring mail of the Apothecary {Int+6
                  | Stlth+}
  4669 | D:6      | Noticed a steam dragon
  5050 | D:6      | Found an opulent altar of Gozag.
  5138 | D:6      | Reached *** piety under Okawaru
  5139 | D:6      | Reached XP level 8. HP: 40/62 MP: 8/8
  5204 | D:7      | Noticed a red ugly thing
  5215 | D:7      | Killed a red ugly thing
  5216 | D:7      | Reached skill level 5 in Dodging
  5257 | D:7      | Found a staircase to the Ecumenical Temple.
  5299 | D:7      | Found a hazy altar of Hepliaklqana.
  5474 | D:7      | Killed from afar by a steam dragon

Illustrated notes

Levels and vault maps discovered:
D:1:      minmay_arrival_split_and_join, layout_loops_ring,
          shapermc_ecumenical_altar_gd, kennysheep_minor_cross,
          minmay_misc_feat_pillars, corexii_item_surrounded_by_moat,
          st_stairs_12
D:2:      layout_basic, chequers_serial_rivers_room_b, minmay_misc_feat_encased,
          grunt_decor_one_mirror, minmay_misc_feat_five, uniq_natasha
D:3:      layout_basic, nicolae_uskayaw_en_pointe, minmay_misc_feat_hallway,
          uniq_robin
D:4:      layout_basic, mainiacjoe_overflow_brackets, okawaru_ov_weapons_minmay
D:5:      layout_loops_corners, kennysheep_little_box, enter_ossuary_1
D:6:      layout_cave_pods, grunt_temple_overflow_gold_and_silver
D:7:      layout_loops_ring, nicolae_overflow_crystal_walls, tgw_sif,
          minmay_temple_entry_slanted

Skill      XL: |  1  2  3  4  5  6  7  8 |
---------------+-------------------------+-----
Polearms       | 3 4 |  4.2
Fighting       | 5 |  5.0
Dodging        | 2 3 4 5 |  5.0
Long Blades    | 3 4 |  4.7
Invocations    | 2 |  2.8
Stealth        | |  4.1

Action                   |  1- 3 |  4- 6 |  7- 9 || total
-------------------------+-------+-------+-------++-------
Melee: Spear             |    83 |   119 |       ||   202
       Punch             |     1 |     2 |     1 ||     4
       Whip              |       |   101 |       ||   101
       Falchion          |       |    55 |   126 ||   181
Evoke: Wand              |       |       |     1 ||     1
  Use: Scroll            |     3 |     5 |     4 ||    12
 Stab: Sleeping          |       |     7 |     2 ||     9
Armor: Ring mail         |    29 |    94 |    44 ||   167
       Leather armour    |     1 |       |       ||     1
Dodge: Dodged            |    47 |   153 |    97 ||   297

Table legend: (Time is in decaauts)
 A = Elapsed time spent in this place.
 B = Non-inter-level travel time spent in this place.
 C = Inter-level travel time spent in this place.
 D = Time resting spent in this place.
 E = Time spent auto-exploring this place.
 F = Levels seen in this place.
 G = Mean time per level.
                   A        B        C        D        E       F      G
               +--------+--------+--------+--------+--------+-----+--------+
         Total |   5519 |   5256 |    263 |    581 |   3221 |   7 |  788.4 |
       Dungeon |   5519 |   5256 |    263 |    581 |   3221 |   7 |  788.4 |
               +--------+--------+--------+--------+--------+-----+--------+

Top non-repeatable levels by time:
     D:4: 1232 daAuts
     D:1: 992 daAuts
     D:5: 954 daAuts
     D:3: 798 daAuts
     D:2: 740 daAuts
     D:6: 475 daAuts
     D:7: 325 daAuts
